 Dungeon Crawl Stone Soup version 0.28.0 (webtiles) character file.

Game seed: 5195819709915289118

1201 honds19 the Ruffian (level 8, -5/78 HPs)
             Began as a Troll Monk on Feb 10, 2022.
             Was an Elder of Elyvilon.
             Slain by a large abomination (25 damage)
             ... on level 1 of the Abyss.
             The game lasted 00:26:24 (4548 turns).

honds19 the Ruffian (Troll Monk)                    Turns: 4548, Time: 00:26:25

Health: -5/78      AC:  7    Str: 22    XL:     8   Next: 21%
Magic:  7/7        EV: 10    Int:  6    God:    Elyvilon [****..]
Gold:   174        SH:  0    Dex: 12    Spells: 7/7 levels left

rFire   . . .      SeeInvis .     - Unarmed
rCold   . . .      Faith    .   (no shield)
rNeg    . . .      Spirit   .   s - +0 troll leather armour {Pargi}
rPois   .          Reflect  .   (helmet restricted)
rElec   .          Harm     .   n - +0 cloak
rCorr   .          Rampage  .   (gloves unavailable)
Will    .....                   (boots unavailable)
Stlth   +.........              e - amulet of regeneration
HPRegen 2.63/turn               (no ring)
MPRegen 0.10/turn               (no ring)

@: no status effects
A: large, unfitting armour, claws 3, regeneration 1, shaggy fur 1, tough skin 1
a: Renounce Religion, Purification, Heal Other, Heal Self


You were on level 1 of the Abyss.
You worshipped Elyvilon.
Elyvilon was greatly pleased with you.
You visited 1 branch of the dungeon, and saw 4 of its levels.
You visited the Abyss 1 time.
You also visited: Sewer.

You collected 174 gold pieces.

Inventory:

Hand Weapons
 m - a +3 quarterstaff of chaos
Armour
 a - a +0 robe
 n - a +0 cloak (worn)
 s - a +0 troll leather armour (worn) {Pargi}
 w - a +1 ring mail of fire resistance
Jewellery
 e - an amulet of regeneration (around neck)
 r - an amulet of the acrobat
Wands
 u - a wand of flame (5)
Scrolls
 c - 2 scrolls of blinking {unknown}
 f - 2 scrolls of enchant weapon {unknown}
 g - 3 scrolls of fear
 j - a scroll of amnesia {unknown}
 k - a scroll of brand weapon {unknown}
 p - a scroll of acquirement {unknown}
 x - 2 scrolls of identify {unknown}
 y - a scroll of torment {unknown}
Potions
 b - a potion of magic {unknown}
 d - a potion of might {unknown}
 h - a potion of mutation {unknown}
 i - a potion of brilliance {unknown}
 l - a potion of attraction {unknown}
 o - a potion of invisibility {unknown}
 q - a potion of heal wounds {unknown}
 t - a potion of curing {unknown}
 v - a potion of flight {unknown}


   Skills:
 + Level 3.7 Fighting
 - Level 0.2 Throwing
 - Level 2.9 Armour
 + Level 4.4 Dodging
 - Level 1.5 Stealth
 * Level 7.3 Unarmed Combat
 - Level 0.3 Invocations


You had 7 spell levels left.
You didn't know any spells.
Your spell library was empty.

Dungeon Overview and Level Annotations

Branches:
Dungeon (4/15)              Sewer (visited)
 Temple: D:4-7

Altars:
Elyvilon

Shops:
D:4 [*??


Innate Abilities, Weirdness & Mutations

You are too large for most types of armour.
You have claws for hands.
Your natural rate of healing is unusually fast.
You are covered in fur. (AC +1)
You have tough skin. (AC +1)


Message History

The large abomination hits you.
You scratch the large abomination but do no damage.
The large abomination is moderately damaged.
The large abomination barely misses you.
You scratch the large abomination but do no damage.
You claw the large abomination, but do no damage.
The large abomination is moderately damaged.
The large abomination hits you but does no damage.
You claw the large abomination! You claw the large abomination.
The large abomination is severely damaged.
The large abomination hits you!!
You scratch the large abomination.
The large abomination is severely damaged.
The large abomination hits you!!
You scratch the large abomination but do no damage.
The large abomination is severely damaged.
The large abomination barely misses you.
You scratch the large abomination but do no damage.
You claw the large abomination, but do no damage.
The large abomination is severely damaged.
The large abomination completely misses you.
You scratch the large abomination but do no damage.
The large abomination is severely damaged.
The large abomination hits you!
You barely miss the large abomination.
The large abomination is severely damaged.
The large abomination hits you!!
* * * LOW HITPOINT WARNING * * *
A large abomination is nearby!
A wight comes into view. It is wielding a +4 scimitar.
The large abomination hits you!
* * * LOW HITPOINT WARNING * * *
A wight comes into view. It is wielding a +0 great sword.
The large abomination barely misses you.
The large abomination hits you!! Elyvilon protects you from harm!
You claw the large abomination!
The large abomination is almost destroyed.
The large abomination hits you!!
You die...

#####
####.X@#
#....###
#.#z##
..#.## .
#.##
##..#
#..## #
z#
#..z##


You could see a large abomination and a wight.

Vanquished Creatures
  Sigmund (D:4)
  The ghost of adamater the Cudgeller, an amateur MiBe of Trog (D:4)
  An orc warrior (D:4)
  Pargi (Sewer)
  2 ogres (D:4)
  A kobold brigand (D:4)
  A scorpion (D:4)
  A jelly (D:4)
  Crazy Yiuf (D:2)
  Ijyb (D:3)
  3 orc wizards
  Robin (D:2)
  6 gnolls
  5 adders
  An adder skeleton (D:4)
  2 worms (D:2)
  3 dart slugs
  13 orcs
  6 endoplasms
  8 giant cockroaches
  17 goblins
  10 hobgoblins
  4 quokkas
  9 ball pythons
  5 bats
  5 frilled lizards
  5 kobolds
  5 rats
119 creatures vanquished.

Vanquished Creatures (others)
  10 plants
10 creatures vanquished.

Grand Total: 129 creatures vanquished

Notes
Turn   | Place    | Note
-------+----------+-------------------------------------------
     0 | D:1      | honds19 the Troll Monk began the quest for the Orb.
     0 | D:1      | Reached XP level 1. HP: 22/22 MP: 0/0
   156 | D:1      | Reached XP level 2. HP: 29/29 MP: 1/1
   311 | D:1      | Found a faded altar of an unknown god.
   435 | D:1      | Prayed at the altar of an unknown god.
   435 | D:1      | Became a worshipper of Elyvilon the Healer
   435 | D:1      | Reached * piety under Elyvilon
   435 | D:1      | Reached ** piety under Elyvilon
   683 | D:1      | Reached *** piety under Elyvilon
   860 | D:2      | Noticed Robin
   868 | D:2      | Reached XP level 3. HP: 34/36 MP: 2/2
   871 | D:2      | Killed Robin
  1176 | D:2      | Found a runed translucent door.
  1177 | D:2      | Noticed Crazy Yiuf
  1186 | D:2      | Killed Crazy Yiuf
  1187 | D:2      | Reached skill level 4 in Unarmed Combat
  1187 | D:2      | Reached XP level 4. HP: 36/44 MP: 3/3
  1529 | D:2      | Reached XP level 5. HP: 49/52 MP: 4/4
  1962 | D:3      | Reached **** piety under Elyvilon
  1979 | D:3      | Found a glowing drain.
  2001 | Sewer    | Entered a sewer
  2179 | Sewer    | Noticed Pargi
  2194 | Sewer    | Killed Pargi
  2195 | Sewer    | Reached skill level 5 in Unarmed Combat
  2332 | Sewer    | Reached XP level 6. HP: 61/61 MP: 5/5
  2845 | D:3      | Noticed Ijyb
  2862 | D:3      | Killed Ijyb
  3566 | D:4      | Reached skill level 1 in Armour
  3630 | D:4      | Reached skill level 6 in Unarmed Combat
  3630 | D:4      | Reached XP level 7. HP: 67/67 MP: 6/6
  3653 | D:4      | Noticed Sigmund
  3663 | D:4      | Killed Sigmund
  3672 | D:4      | Found Jiwkun's Magic Scroll Emporium.
  3674 | D:4      | Found Goala's Assorted Antiques.
  3676 | D:4      | Found Xanuloc's Antique Armour Emporium.
  4091 | D:4      | Found Cipes's Magic Scroll Shoppe.
  4228 | D:4      | Found a runed translucent gate.
  4229 | D:4      | Found a runed translucent gate.
  4229 | D:4      | Noticed adamater's ghost (amateur MiBe)
  4230 | D:4      | Found a runed translucent gate.
  4256 | D:4      | Killed adamater's ghost
  4257 | D:4      | Reached skill level 7 in Unarmed Combat
  4257 | D:4      | Reached XP level 8. HP: 75/76 MP: 7/7
  4267 | D:4      | Cast into level 1 of the Abyss (kobold)
  4407 | Abyss:1  | Noticed an orange demon
  4527 | Abyss:1  | Noticed a large abomination
  4538 | Abyss:1  | HP: 2/78 [large abomination (27)]
  4547 | Abyss:1  | Elyvilon protects you from harm!
  4548 | Abyss:1  | Slain by a large abomination

Illustrated notes

Levels and vault maps discovered:
D:1:      wander_arrival_peaceful_grave, layout_loops_corners,
          hellmonk_ecumenical_altar_crossroads, minmay_fountain_box
D:2:      layout_loops_ring, serial_forest, infiniplex_forest_straight_4,
          infiniplex_forest_side_room, infiniplex_forest_lined_3_way,
          infiniplex_forest_clump_medium, infiniplex_forest_straight_5,
          infiniplex_forest_fountain, infiniplex_forest_clump_tiny,
          infiniplex_forest_lined_3, kennysheep_pointless_box,
          uniq_crazy_yiuf_cottage, uniq_robin
D:3:      kennysheep_the_goblin_king, layout_loops_cross,
          cheibrodos_sewer_entry_drain
D:4:      layout_loops_cross, serial_shops, nicolae_shop_behind_doors,
          gammafunk_ghost_nasty_kobolds, hangedman_abyss_or_decor_lesser_grid,
          nicolae_wooded_promenade, grunt_decor_mini_mirrors,
          kennysheep_small_circle, uniq_sigmund
Abyss:1:  base: D:1, minivault_26

Skill      XL: |  1  2  3  4  5  6  7 |
---------------+----------------------+-----
Dodging        | 3 4 |  4.4
Unarmed Combat | 4 5 6 7 |  7.3
Fighting       | 3 |  3.7
Armour         | 1 2 |  2.9
Throwing       | |  0.2
Stealth        | |  1.5
Invocations    | |  0.3

Action                   |  1- 3 |  4- 6 |  7- 9 || total
-------------------------+-------+-------+-------++-------
Melee: Unarmed           |    88 |   173 |   108 ||   369
       Punch             |     3 |     5 |     5 ||    13
Throw: Dart              |       |       |     3 ||     3
Invok: Heal Self         |       |       |     3 ||     3
  Use: Scroll            |       |       |     1 ||     1
 Stab: Sleeping          |     1 |     1 |       ||     2
Armor: Robe              |    20 |    29 |       ||    49
       Troll leather arm |       |    64 |    51 ||   115
Dodge: Dodged            |    37 |   106 |   106 ||   249
